 Dungeon Crawl Stone Soup version 0.27-a0-1193-g8631133539 (webtiles) character file.

Game seed: 10559145371276295304

37 Wyvernaa the Chopper (level 3, -4/33 HPs)
             Began as a Hill Orc Monk on May 26, 2021.
             Slain by Natasha (9 damage)
             ... on level 2 of the Dungeon.
             The game lasted 00:02:37 (1526 turns).

Wyvernaa the Chopper (Hill Orc Monk)                Turns: 1526, Time: 00:02:38

Health: -4/33      AC:  3    Str: 14    XL:     3   Next: 39%
Magic:  3/3        EV: 12    Int: 10    God:
Gold:   46         SH:  0    Dex: 13    Spells: 2/2 levels left

rFire    . . .     SeeInvis .   a - +0 hand axe
rCold    . . .     Faith    .   (no shield)
rNeg     . . .     Spirit   .   c - +0 leather armour
rPois    .         Reflect  .   (no helmet)
rElec    .         Harm     .   (no cloak)
rCorr    .         Rampage  .   (no gloves)
Will     .....                  (no boots)
Stlth    ++........             (no amulet)
HPRegen  0.11/turn              (no ring)
MPRegen  0.08/turn              (no ring)

@: mighty, slowed, very slow
A: no striking features
a: no special abilities


You were on level 2 of the Dungeon.
You visited 1 branch of the dungeon, and saw 2 of its levels.

You collected 46 gold pieces.

Inventory:

Hand Weapons
 a - a +0 hand axe (weapon)
Armour
 c - a +0 leather armour (worn)
 d - a +0 ring mail
Scrolls
 e - a scroll of enchant weapon {unknown}


   Skills:
 + Level 4.1 Fighting
 + Level 5.0 Axes
 + Level 2.7 Dodging
 - Level 1.5 Stealth


You had 2 spell levels left.
You didn't know any spells.
Your spell library contained the following spells:

 Spells                   Type           Power      Damage    Failure   Level
 Corona                   Hex            0%         N/A       43%         1
 Ensorcelled Hibernation  Hex/Ice        0%         N/A       58%         2
 Confusing Touch          Hex            0%         N/A       82%         3
 Dazzling Flash           Conj/Hex       0%         N/A       82%         3
 Tukima's Dance           Hex            0%         N/A       82%         3


Dungeon Overview and Level Annotations

Branches:
Dungeon (2/15)

Altars:

Annotations:
D:2 Natasha


Message History

Found a pair of gloves.
Natasha, Servant of Life and Death comes into view.
Natasha hisses angrily.
Natasha claws you!
You hit Natasha but do no damage. Natasha completely misses you.
You hit Natasha but do no damage. Natasha closely misses you.
You hit Natasha.
Natasha is moderately wounded.
Natasha claws you!
You closely miss Natasha.
Natasha is moderately wounded.
Natasha claws you.
You closely miss Natasha.
Natasha is lightly wounded.
Natasha stares at you and mumbles some strange words.
You feel yourself slow down.
It was a potion of might.
You feel very mighty all of a sudden. Natasha barely misses you.
You hit Natasha.
Natasha is heavily wounded.
Natasha claws you. Natasha barely misses you.
You completely miss Natasha.
Natasha is heavily wounded.
Natasha stares at you and mumbles some strange words.
You resist with significant effort. Natasha barely misses you.
You hit Natasha.
Natasha is almost dead.
Natasha mumbles some strange words.
You barely miss Natasha.
Natasha is almost dead.
You barely miss the iron imp. Natasha claws you.
Natasha stares at you and mumbles some strange words.
The magic dart hits you.
* * * LOW HITPOINT WARNING * * *
The iron imp barely misses you.
You closely miss Natasha.
Natasha is almost dead.
You slash the iron imp! Natasha claws you!
You die...

##..# $#..# ...# #..#
#..## #..# #...# ## #..#
#...## ... ##.[# #....
.... ########...#
#...#..... ...........#
#5........ ##.........#
#.@h......
.#.....###.####.#.#.#.##
.#.....# #......#...
.......# #.###..#.#.#
#......# #.##.........
#......# #.##...#.#.#.#
##.###.# #.##...#.# #.#
#..##.# #......... #.#
##.##.# .......#.###.#


You could see an iron imp (summoned) and Natasha.

Vanquished Creatures
  3 dart slugs (D:1)
  3 ball pythons
  3 bats (D:1)
  A giant cockroach (D:1)
  2 hobgoblins (D:1)
  3 jackals (D:1)
  2 quokkas (D:1)
  A frilled lizard (D:1)
  4 goblins (D:1)
  3 kobolds (D:1)
  A rat (D:1)
26 creatures vanquished.

Notes
Turn   | Place    | Note
-------+----------+-------------------------------------------
     0 | D:1      | Wyvernaa the Hill Orc Monk began the quest for the Orb.
     0 | D:1      | Reached XP level 1. HP: 19/19 MP: 1/1
   201 | D:1      | Reached XP level 2. HP: 27/27 MP: 2/2
   611 | D:1      | Reached XP level 3. HP: 23/33 MP: 3/3
  1070 | D:1      | Reached skill level 5 in Axes
  1514 | D:2      | Noticed Natasha
  1526 | D:2      | Slain by Natasha

Illustrated notes

Levels and vault maps discovered:
D:1:      saegor_arrival_simple_a, layout_loops_ring, st_stairs_12,
          palyth_stone_intersect, minmay_pentomino_o4
D:2:      cheibrodos_pilgrimage, layout_basic, serial_bayou_lagoon_a,
          minmay_misc_feat_five, uniq_natasha

Skill      XL: |  1  2  3 |
---------------+----------+-----
Fighting       | 4 |  4.1
Axes           | 5 |  5.0
Dodging        | |  2.7
Stealth        | |  1.5

Action                   || total
-------------------------++-------
Melee: Hand axe          ||   121
  Use: Potion            ||     1
 Stab: Sleeping          ||     3
Armor: Robe              ||     5
       Leather armour    ||    16
Dodge: Dodged            ||    74

Table legend: (Time is in decaauts)
 A = Elapsed time spent in this place.
 B = Non-inter-level travel time spent in this place.
 C = Inter-level travel time spent in this place.
 D = Time resting spent in this place.
 E = Time spent auto-exploring this place.
 F = Levels seen in this place.
 G = Mean time per level.
                   A        B        C        D        E       F      G
               +--------+--------+--------+--------+--------+-----+--------+
         Total |   1542 |   1496 |     46 |    217 |   1004 |   2 |  771.0 |
       Dungeon |   1542 |   1496 |     46 |    217 |   1004 |   2 |  771.0 |
               +--------+--------+--------+--------+--------+-----+--------+

Top non-repeatable levels by time:
     D:1: 1367 daAuts
     D:2: 174 daAuts
